 Dungeon Crawl Stone Soup version 0.29-a0-1008-g949cc1d0fb (webtiles) character file.

Game seed: 10481382843791278185

24 gelatine the Firebug (level 2, -5/19 HPs)
             Began as a Demonspawn Fire Elementalist on Aug 8, 2022.
             Slain by Terence
             ... wielding a +0 flail
              (7 damage)
             ... on level 2 of the Dungeon.
             The game lasted 00:03:24 (1677 turns).

gelatine the Firebug (Demonspawn Fire Elementalist) Turns: 1677, Time: 00:03:25

Health: -5/19      AC:  7    Str:  8    XL:     2   Next: 79%
Magic:  1/5        EV: 12    Int: 16    God:
Gold:   94         SH:  0    Dex: 13    Spells: 4/5 levels left

rFire   . . .      SeeInvis .   d - +0 short sword
rCold   . . .      Faith    .   (no shield)
rNeg    . . .      Spirit   .   a - +0 robe
rPois   .          Reflect  .   (helmet restricted)
rElec   .          Harm     .   f - +0 cloak
rCorr   .          Rampage  .   (no gloves)
Will    .....                   (no boots)
Stlth   ++........              (no amulet)
HPRegen 0.06/turn               c - +4 ring of protection
MPRegen 0.09/turn               (no ring)

@: very slightly contaminated
A: horns 1
a: no special abilities


You were on level 2 of the Dungeon.
You visited 1 branch of the dungeon, and saw 2 of its levels.

You collected 94 gold pieces.

Inventory:

Hand Weapons
 d - a +0 short sword (weapon)
Missiles
 h - 3 poisoned darts
Armour
 a - a +0 robe (worn)
 f - a +0 cloak (worn)
Jewellery
 c - a +4 ring of protection (left hand)
Scrolls
 e - 2 scrolls of identify {unknown}
Potions
 g - 2 potions of curing
 i - a potion of ambrosia {unknown}


   Skills:
 + Level 0.1 Fighting
 + Level 2.0 Dodging
 + Level 2.0 Stealth
 + Level 2.3 Spellcasting
 + Level 1.3 Conjurations
 + Level 3.0 Fire Magic


You had 4 spell levels left.
You knew the following spells:

 Your Spells              Type           Power      Damage    Failure   Level
a - Foxfire               Conj/Fire      32%        2x1d5     9%          1

Your spell library contained the following spells:

 Spells                   Type           Power      Damage    Failure   Level
 Scorch                   Fire           22%        2d6       9%          2
 Slow                     Hex            4%         N/A       21%         1
 Conjure Flame            Conj/Fire      8%         6-21      24%         3
 Inner Flame              Hex/Fire       6%         N/A       32%         3
 Confusing Touch          Hex            1%         N/A       52%         3
 Vampiric Draining        Necr           1%         2d6       52%         3
 Flame Wave               Conj/Fire      8%         2d5       63%         4
 Fireball                 Conj/Fire      4%         3d4       92%         5
 Starburst                Conj/Fire      4%         6d3       100%        6
 Ignition                 Fire           5%         3d4       100%        8


Dungeon Overview and Level Annotations

Branches:
Dungeon (2/15)

Altars:

Annotations:
D:2 Terence


Innate Abilities, Weirdness & Mutations

You have a pair of small horns on your head.


Message History

You hit Terence.
Terence is heavily wounded.
The foxfire hits Terence but does no damage.
Terence is heavily wounded.
The foxfire hits Terence but does no damage.
Terence is heavily wounded.
Terence hits you with a +0 flail.
* * * LOW HITPOINT WARNING * * *
You hit Terence but do no damage. You headbutt Terence, but do no damage.
Terence is heavily wounded.
Terence barely misses you. Magic courses through your body.
Terence shouts, "ATTACK!!!"
Terence misses you.
It was a potion of curing.
You feel better. Terence hits you but does no damage.
You conjure some foxfire!
Terence closely misses you.
You conjure some foxfire!
Terence hits you with a +0 flail.
You are too injured to fight recklessly!
You hit Terence but do no damage.
Terence is heavily wounded.
The foxfire hits Terence but does no damage.
Terence is heavily wounded.
The foxfire hits Terence but does no damage.
Terence is heavily wounded.
The foxfire hits Terence but does no damage.
Terence is heavily wounded.
Terence barely misses you.
You are too injured to fight recklessly!
Casting: Foxfire (safe; 9% risk of failure)
Confirm with . or Enter, or press ? or * to list all spells.
You miscast Foxfire.
You are very lightly contaminated with residual magic.
Nothing appears to happen.
Terence hits you with a +0 flail.
* * * LOW HITPOINT WARNING * * *
Casting: Foxfire (safe; 9% risk of failure)
Confirm with . or Enter, or press ? or * to list all spells.
You miscast Foxfire.
Nothing appears to happen.
Terence hits you with a +0 flail!
You die...

#############
#............
+............
#............
#............
#............
##.....@......
#.....@# #......#
#......#
##......######
+.......'....+ .
##......######....
+.................
#########.#.##....
#.#.# .


You could see Terence.

Vanquished Creatures
  2 endoplasms (D:1)
  A giant cockroach (D:1)
  7 hobgoblins
  5 kobolds
  A ball python (D:1)
  A bat (D:1)
  3 frilled lizards
  3 rats
23 creatures vanquished.

Vanquished Creatures (others)
  111 foxfires
111 creatures vanquished.

Grand Total: 134 creatures vanquished

Notes
Turn   | Place    | Note
-------+----------+-------------------------------------------
     0 | D:1      | gelatine the Demonspawn Fire Elementalist began the quest
                  | for the Orb.
     0 | D:1      | Reached XP level 1. HP: 13/13 MP: 3/3
   423 | D:1      | Gained mutation: You have a pair of small horns on your
                  | head. [demonic ancestry]
   423 | D:1      | Reached XP level 2. HP: 11/19 MP: 0/5
  1366 | D:2      | Reached skill level 3 in Fire Magic
  1585 | D:2      | Found a faded altar of an unknown god.
  1656 | D:2      | Noticed Terence
  1677 | D:2      | Slain by Terence

Illustrated notes

Levels and vault maps discovered:
D:1:      nagdon_arrival_zigzag_paths, layout_basic
D:2:      cheibrodos_greedy_goblins, layout_basic,
          ebering_ecumenical_altar_ruins, hangedman_abyss_or_decor_stabs,
          uniq_terence, uniq_natasha

Skill      XL: |  1  2 |
---------------+-------+-----
Dodging        | 2 |  2.0
Stealth        | 2 |  2.0
Fire Magic     | 3 |  3.0
Fighting       | |  0.1
Spellcasting   | |  2.3
Conjurations   | |  1.3

Action                   || total
-------------------------++-------
Melee: Short sword       ||    24
       Unarmed           ||     2
       Punch             ||     1
       Headbutt          ||     5
 Cast: Foxfire           ||    69
  Use: Potion            ||     2
Armor: Robe              ||    10
Dodge: Dodged            ||    14

Table legend: (Time is in decaauts)
 A = Elapsed time spent in this place.
 B = Non-inter-level travel time spent in this place.
 C = Inter-level travel time spent in this place.
 D = Time resting spent in this place.
 E = Time spent auto-exploring this place.
 F = Levels seen in this place.
 G = Mean time per level.
                   A        B        C        D        E       F      G
               +--------+--------+--------+--------+--------+-----+--------+
         Total |   1678 |   1654 |     24 |      6 |   1449 |   2 |  839.0 |
       Dungeon |   1678 |   1654 |     24 |      6 |   1449 |   2 |  839.0 |
               +--------+--------+--------+--------+--------+-----+--------+

Top non-repeatable levels by time:
     D:1: 1338 daAuts
     D:2: 339 daAuts
